 Dungeon Crawl Stone Soup version 0.31-a0-618-g7ca08c1ff9 (webtiles) character file.

Game seed: 15000621515445781523

196 mdonais the Trooper (level 5, -6/37 HPs)
             Began as an Octopode Reaver on Aug 22, 2023.
             Was an Initiate of Okawaru.
             Mangled by Pikel
             ... wielding a +0 whip of electrocution
              (19 damage)
             ... on level 3 of the Dungeon.
             The game lasted 00:10:29 (2650 turns).

mdonais the Trooper (Octopode Reaver)               Turns: 2650, Time: 00:10:29

Health: -6/37      AC:  1    Str: 12    XL:     5   Next: 75%
Magic:  8/8        EV:  6    Int: 15    God:    Okawaru [......]
Gold:   200        SH: 25    Dex: 12    Spells: 2/8 levels left

rFire   . . .        k - +1 dagger (venom)
rCold   . . .        b - +18 shield of the Gong {Loud rN+ Will+ rCorr EV-5}
rNeg    + . .        (helmet restricted)
rPois   .            (no amulet)
rElec   .            (no ring)
rCorr   +            (no ring)
SInv    .            (no ring)
Will    +....        (no ring)
Stlth   +++          (no ring)
HPRegen 0.26/turn    (no ring)
MPRegen 0.11/turn    (no ring)
                     (no ring)

%: no passive effects
@: no status effects
A: almost no armour, amphibious, 8 rings, camouflage 1, gelatinous body 1,
(nimble swimmer 1), tentacles
a: Renounce Religion


You were on level 3 of the Dungeon.
You worshipped Okawaru.
Okawaru was noncommittal.
You visited 1 branch of the dungeon, and saw 4 of its levels.
You also visited: Sewer.

You collected 200 gold pieces.

Inventory:

Hand Weapons
 k - a +1 dagger of venom (weapon)
   (You took it off a goblin on level 2 of the Dungeon)
 l - the +1 broad axe "Cokh" {protect, SInv}
   (You found it in a sewer)

   SInv:      It lets you see invisible.
 p - a +2 mace of protection
   (You found it on level 3 of the Dungeon)
Armour
 b - the +18 shield of the Gong (worn) {Loud rN+ Will+ rCorr EV-5}
   (You found it in a sewer)

   Loud:      It is deafeningly noisy when blocking attacks.
   EV-5:      It affects your evasion (-5).
   rN+:       It protects you from negative energy.
   Will+:     It increases your willpower.
   rCorr:     It protects you from acid and corrosion.
Talismans
 h - a flux talisman
   (You found it on level 1 of the Dungeon)
Wands
 A - a wand of acid (5)
   (You found it in a sewer)
 V - a wand of flame (11)
   (You found it on level 3 of the Dungeon)
Scrolls
 c - a scroll of silence
 f - a scroll of enchant weapon {unknown}
 i - a scroll of poison {unknown}
 j - a scroll of fog {unknown}
 m - a scroll of blinking {unknown}
Potions
 a - 2 potions of invisibility {unknown}
 d - 2 potions of degeneration {unknown}
 e - 2 potions of heal wounds
 g - a potion of magic
 n - a potion of might {unknown}
 o - a potion of brilliance {unknown}
 Q - 2 potions of curing


   Skills:
 - Level 4.0 Fighting
 - Level 3.0 Short Blades
 - Level 2.0 Dodging
 - Level 3.0 Stealth
 + Level 1.1 Shields
 - Level 2.0 Spellcasting
 - Level 3.0 Conjurations
 - Level 2.5 Hexes
 - Level 1.0 Translocations


You had 2 spell levels left.
You knew the following spells:

 Your Spells              Type           Power      Damage    Failure   Level
a - Kiss of Death         Conj/Necr      24%        2d7       45%         1
b - Momentum Strike       Conj/Tloc      14%        3d8       52%         2
c - Confusing Touch       Hex            9%         N/A       69%         3

Your spell library contained the following spells:

 Spells                   Type           Power      Damage    Failure   Level
 Sandblast                Erth           2%         2d4       67%         1
 Passwall                 Tmut/Erth      0%         N/A       80%         2
 Hailstorm                Conj/Ice       6%         3d4       83%         3
 Stone Arrow              Conj/Erth      12%        3d7       83%         3
 Dispel Undead            Necr           1%         3d6       100%        4


Dungeon Overview and Level Annotations

Branches:
Dungeon (4/15) Zot: 21504   Sewer (visited)
 Temple: D:4-7

Altars:
Okawaru

Annotations:
D:2 1 runed translucent door, Crazy Yiuf
D:3 Pikel


Innate Abilities, Weirdness & Mutations

You cannot wear most types of armour.
You are amphibious.
You can wear up to eight rings at the same time.
Your skin changes colour to match your surroundings (Stealth+).
Your rubbery body absorbs attacks. (AC +1, EV +1)
((You are camouflaged when in or above water. (Stealth+)))
You have tentacles for arms and can constrict up to eight enemies at once.


Message History

Search for what [Enter for "."]? .
You see here a +2 mace of protection.
p - a +2 mace of protection Done exploring.
Done exploring.
There is a stone staircase leading down here.
You climb downwards.
Found a stone staircase leading up.
There is a stone staircase leading up here.
There are monsters nearby!
A jackal comes into view.
Found a ring mail.
The lemure shouts! x2; The jackal barks!
You hear a bark!
Pikel shouts!
The lemure shouts!
A jackal comes into view.
You block the lemure's attack.
GONNNNG!
The lemure shouts!
You hear a shout! x2; You hear an angry hiss.
You hear a shout! x4; You hear an angry hiss.
You hear a shout! x3
You hit the lemure but do no damage.
The lemure is poisoned.
You grab the lemure.
You constrict the lemure, but do no damage.
A jackal comes into view.
You block the lemure's attack.
SHROANNG!
Pikel zaps a wand.
You resist with some effort.
The jackal barks!
You hear a shout! x3
You release your grip on the lemure.
There is a stone staircase leading up here.
You block the lemure's attack.
SHROANNG!
You hear a shout!
You climb upwards.
There is a stone staircase leading down here.
You barely miss the lemure. You grab the lemure. You squeeze the lemure!
The lemure is heavily wounded.
You constrict the lemure, but do no damage.
You block the lemure's attack.
BONNNG!
You hit the lemure.
The lemure is heavily wounded.
You constrict the lemure. You block the lemure's attack.
GONNNNG!
You hit the lemure but do no damage.
The lemure looks even sicker.
You squeeze the lemure!
The lemure is almost dead.
You constrict the lemure.
You kill the lemure!
That felt strangely unrewarding.
No target in view!
There is a stone staircase leading down here.
You climb downwards.
Level annotation: Pikel
There is a stone staircase leading up here.
You block the lemure's attack.
BOUMMMMG!
You block the jackal's attack.
GONNNNG!
You hear an angry hiss.
You climb upwards.
There is a stone staircase leading down here.
You hit the lemure.
The lemure is poisoned.
Your grab misses the lemure. Your squeeze misses the lemure.
The lemure is lightly wounded.
You block the lemure's attack.
SHROANNG!
You barely miss the lemure. Your grab misses the lemure.
The lemure is lightly wounded.
The lemure hits you!
You take 10 damage, and have 27/37 hp.
MASSIVE DAMAGE!!
You hit the lemure. You grab the lemure. You squeeze the lemure.
The lemure is moderately wounded.
You constrict the lemure. You block the lemure's attack.
PANG!
You hit the lemure.
The lemure looks as sick as possible!
The lemure is severely wounded.
You constrict the lemure. You block the lemure's attack.
GONNNNG!
You hit the lemure but do no damage.
The lemure looks as sick as possible!
The lemure is almost dead.
You constrict the lemure, but do no damage.
You block the lemure's attack.
PTOANNNG!
You barely miss the lemure.
The lemure is almost dead.
You constrict the lemure.
You kill the lemure!
That felt strangely unrewarding.
No target in view!
There is a stone staircase leading down here.
You regained 7 hp, and now have 36/37 hp.
HP restored.
You climb downwards.
Level annotation: Pikel Pikel zaps a wand.
You resist with some effort.
The jackal bites you but does no damage.
You block the lemure's attack.
GONNNNG!
You block Pikel's attack.
GONNNNG!
You hear an angry hiss.
You hear a shout!
There is a stone staircase leading up here.
Health restored: 37 The jackal bites you.
You block Pikel's attack.
BOUMMMMG!
You block the lemure's attack.
PTOANNNG!
You hear a shout! x2
You climb upwards.
There is a stone staircase leading down here.
You hit Pikel but do no damage.
Pikel is poisoned.
You grab Pikel. You constrict Pikel. You block the jackal's attack.
GONNNNG!
You block the jackal's attack.
GONNNNG!
The lemure hits you. You block Pikel's attack.
PTOANNNG!
You take 5 damage, and have 32/37 hp.
You hit Pikel.
Pikel looks as sick as possible!
You squeeze Pikel.
Pikel is lightly wounded.
You constrict Pikel. You block the jackal's attack.
BOUMMMMG!
You block the lemure's attack.
BONNNG!
Pikel hits you with a +0 whip of electrocution!
You are electrocuted!
* * * LOW HITPOINT WARNING * * *
You take 30 damage, and have 2/37 hp.
MASSIVE DAMAGE!!
You feel much better.
You constrict Pikel. You block the jackal's attack.
PANG!
You block the jackal's attack.
GONNNNG!
You block the lemure's attack.
SHROANNG!
Pikel hits you with a +0 whip of electrocution.
You regained 18 hp, and now have 20/37 hp.
You hit Pikel.
Pikel looks as sick as possible!
You squeeze Pikel.
Pikel is heavily wounded.
You constrict Pikel. You block the jackal's attack.
GONNNNG!
You block the lemure's attack.
GONNNNG!
You block Pikel's attack.
PTOANNNG!
You barely miss Pikel.
Pikel is heavily wounded.
You constrict Pikel. You block the jackal's attack.
PANG!
Pikel hits you with a +0 whip of electrocution!
You are electrocuted!!
Ouch! That really hurt!
You die...
Pikel says, "Another soul for the market."

### #######
..####.....############
..##.......##.........#
..##.......##.........#
........<..##.........#
####.......##.........#
......................#
.................h....#
................@.....#
......##.......K5.....#
#.....................#
#.....................#
##.#.....#............#
##.#..................#
##.#....[#............#
#........#............#
#.##.....#............#


You could see Pikel (extremely poisoned), a lemure and a jackal.

Vanquished Creatures
  Pargi (Sewer)
  2 lemures (D:3)
  4 adders
  4 dart slugs
  3 orcs (D:3)
  4 endoplasms
  A giant cockroach (D:3)
  7 goblins
  6 hobgoblins
  2 jackals (Sewer)
  4 quokkas
  7 ball pythons
  A bat (D:1)
  A frilled lizard (D:1)
  5 kobolds
  10 rats
62 creatures vanquished.

Notes
Turn   | Place    | Note
-------+----------+-------------------------------------------
     0 | D:1      | mdonais the Octopode Reaver began the quest for the Orb.
     0 | D:1      | Reached XP level 1. HP: 14/14 MP: 3/3
    42 | D:1      | Reached skill level 1 in Stealth
   102 | D:1      | Reached XP level 2. HP: 18/19 MP: 5/5
   506 | D:1      | Reached XP level 3. HP: 25/25 MP: 6/6
   917 | D:2      | Found a faded altar of an unknown god.
  1031 | D:2      | Found an iron altar of Okawaru.
  1036 | D:2      | Became a worshipper of Warmaster Okawaru
  1116 | D:2      | Reached skill level 3 in Fighting
  1197 | D:2      | Learned a level 2 spell: Momentum Strike
  1201 | D:2      | Learned a level 3 spell: Confusing Touch
  1461 | D:2      | Reached XP level 4. HP: 25/31 MP: 7/7
  1580 | D:2      | Found a runed translucent door.
  1581 | D:2      | Noticed Crazy Yiuf
  1636 | D:3      | Reached skill level 1 in Translocations
  1722 | D:3      | Found a glowing drain.
  1735 | Sewer    | Entered a sewer
  1813 | Sewer    | Noticed Pargi
  1823 | Sewer    | Found the +18 shield of the Gong {Loud rN+ Will+ rCorr
                  | EV-5}
  1828 | Sewer    | Killed Pargi
  1829 | Sewer    | Reached skill level 4 in Fighting
  1829 | Sewer    | Reached XP level 5. HP: 35/37 MP: 8/8
  1838 | Sewer    | Identified the +1 broad axe "Cokh" {protect, SInv}
  2301 | D:3      | Reached skill level 1 in Shields
  2563 | D:4      | Noticed Pikel
  2563 | D:4      | Noticed a lemure
  2563 | D:4      | Noticed a lemure
  2563 | D:4      | Noticed a lemure
  2563 | D:4      | Noticed a lemure
  2571 | D:3      | Killed a lemure
  2611 | D:3      | Killed a lemure
  2650 | D:3      | Mangled by Pikel

Illustrated notes

Levels and vault maps discovered:
D:1:      nzn_arrival_crosshair, layout_loops_ring, minmay_gold_behind_fungi,
          hangedman_decor_points, serial_bayou_pond_a
D:2:      layout_basic, basic_altar, ebering_ecumenical_altar_sacrificial,
          uniq_crazy_yiuf_cottage
D:3:      layout_basic, portal_sewer_entry_d, serial_bayou_lake_a
D:4:      layout_loops_ring, serial_shops, nicolae_shop_real_fake_doors,
          uniq_eustachio, uniq_natasha, uniq_blork_the_orc, uniq_pikel

Skill      XL: |  1  2  3  4  5 |
---------------+----------------+-----
Stealth        | 2 3 |  3.0
Fighting       | 3 4 |  4.0
Translocations | 1 |  1.0
Hexes          | 2 |  2.5
Shields        | 1 |  1.1
Short Blades   | |  3.0
Dodging        | |  2.0
Spellcasting   | |  2.0
Conjurations   | |  3.0

Action                     |  1- 3 |  4- 6 || total
---------------------------+-------+-------++-------
  Melee: Short sword       |    92 |       ||    92
         Constrict         |    23 |    13 ||    36
         Tentacles         |    19 |    20 ||    39
         Dagger            |     5 |    65 ||    70
    Use: Scroll            |       |     3 ||     3
         Potion            |       |     2 ||     2
   Stab: Sleeping          |    10 |     1 ||    11
 Armour: Skin              |     1 |     3 ||     4
  Dodge: Dodged            |    51 |    14 ||    65
  Block: Kite shield       |       |    30 ||    30

Table legend: (Time is in decaauts)
 A = Elapsed time spent in this place.
 B = Non-inter-level travel time spent in this place.
 C = Inter-level travel time spent in this place.
 D = Time resting spent in this place.
 E = Time spent auto-exploring this place.
 F = Levels seen in this place.
 G = Mean time per level.
                   A        B        C        D        E       F      G
               +--------+--------+--------+--------+--------+-----+--------+
         Total |   2631 |   2451 |    180 |      0 |   1831 |   5 |  526.2 |
       Dungeon |   2495 |   2315 |    180 |      0 |   1755 |   4 |  623.8 |
         Sewer |    136 |    136 |      0 |      0 |     76 |   1 |  136.0 |
               +--------+--------+--------+--------+--------+-----+--------+

Top non-repeatable levels by time:
     D:3: 897 daAuts
     D:1: 876 daAuts
     D:2: 711 daAuts
   Sewer: 136 daAuts
     D:4: 9 daAuts
